 Dungeon Crawl Stone Soup version 0.31-a0-1589-g8f5e8aebd6 (webtiles) character file.

Game seed: 5840233084649672284

62 voltaire321 the Covered (level 3, -1/33 HPs)
             Began as a Minotaur Fighter on Jan 6, 2024.
             Slain by a kobold
             ... wielding a +0 club
              (2 damage)
             ... on level 2 of the Dungeon.
             The game lasted 00:01:49 (1028 turns).

voltaire321 the Covered (Minotaur Fighter)          Turns: 1028, Time: 00:01:50

Health: -1/33      AC:  7    Str: 22    XL:     3   Next: 85%
Magic:  2/2        EV: 10    Int:  5    God:
Gold:   57         SH:  0    Dex:  9    Spells: 2/2 levels left

rFire   . . .        a - +0 war axe
rCold   . . .        c - +0 buckler
rNeg    . . .        b - +0 scale mail
rPois   .            (helmet restricted)
rElec   .            (no cloak)
rCorr   .            (no gloves)
SInv    .            (no boots)
Will    .....        (no amulet) Stlth
                     (no ring)
HPRegen 0.25/turn    (no ring)
MPRegen 0.08/turn

%: no passive effects
@: confused
A: horns 2, retaliatory headbutt
a: no special abilities


You were on level 2 of the Dungeon.
You visited 1 branch of the dungeon, and saw 2 of its levels.

You collected 57 gold pieces.

Inventory:

Hand Weapons
 a - a +0 war axe (weapon)
Missiles
 f - 2 poisoned darts (quivered)
Armour
 b - a +0 scale mail (worn)
 c - a +0 buckler (worn)
Potions
 d - a potion of might
 e - a potion of invisibility {unknown}


   Skills:
 + Level 4.1 Fighting
 + Level 3.1 Axes
 + Level 4.2 Armour
 + Level 1.5 Dodging
 + Level 4.1 Shields


You had 2 spell levels left.
You didn't know any spells.
Your spell library was empty.

Dungeon Overview and Level Annotations

Branches:
Dungeon (2/15)

Altars:

Annotations:
D:2 Sigmund


Innate Abilities, Weirdness & Mutations

You have a pair of horns on your head.
You reflexively headbutt those who attack you in melee.


Message History

The stone hits you.
You bump into the rock wall.
You hear some strange, mumbled words.
You are more confused.
The kobold throws a stone.
The stone hits you but does no damage.
You bump into the rock wall.
Something hits you.
The kobold throws a stone.
The stone hits you but does no damage.
You closely miss something.
The kobold throws a stone.
The stone barely misses you. Something hits you!
Something completely misses you.
The kobold throws a stone.
The stone hits you but does no damage.
The kobold throws a stone.
The stone closely misses you. Something hits you but does no damage.
Something hits you but does no damage.
The kobold throws a stone.
The stone barely misses you. Something hits you.
You barely miss something. Your headbutt misses something. Something hits you!
* * * LOW HITPOINT WARNING * * *
The kobold hits you but does no damage.
You closely miss something. You closely miss the kobold.
The kobold hits you with a +0 club.
* * * LOW HITPOINT WARNING * * *
Something hits you but does no damage.
You closely miss something. Your headbutt misses something.
You closely miss the kobold.
You feel less confused. You block the kobold's attack.
You block something's attack.
You miss something. Your headbutt misses something. You barely miss the kobold.
The kobold closely misses you. The kobold hits you but does no damage.
You closely miss something. You barely miss the kobold.
You hear some strange, mumbled words.
Something tries to affect you, but you resist.
The kobold hits you but does no damage. Something hits you.
* * * LOW HITPOINT WARNING * * *
You barely miss something. You completely miss the kobold.
The kobold barely misses you.
You hear some strange, mumbled words.
You are confused.
The kobold hits you with a +0 club.
You die...

...........)†)...#
.............†##.... .
#..#....<.!..###...
#.##.#................
.....................
#...................
#.#.......(.........
#.##.....K..........
#.........@.........
#..........{)......#
#....##......#.......#
#.## #........#.....#
##........#......#
#...÷.....#.......
#....<....#.....#.
.###.........#.....#
.......<.....#.....#


You could see a kobold.

Vanquished Creatures
  2 adders
  2 dart slugs (D:1)
  A ribbon worm (D:2)
  4 ball pythons
  3 bats (D:2)
  3 endoplasms
  A giant cockroach (D:1)
  5 goblins
  4 hobgoblins
  2 jackals (D:1)
  2 kobolds (D:1)
  3 frilled lizards
  2 rats (D:1)
34 creatures vanquished.

Notes
Turn   | Place    | Note
-------+----------+-------------------------------------------
     0 | D:1      | voltaire321 the Minotaur Fighter began the quest for the
                  | Orb.
     0 | D:1      | Reached XP level 1. HP: 19/19 MP: 0/0
   174 | D:1      | Reached XP level 2. HP: 25/27 MP: 1/1
   482 | D:1      | Found a faded altar of an unknown god.
   494 | D:1      | Reached skill level 1 in Dodging
   803 | D:2      | Reached XP level 3. HP: 26/33 MP: 2/2
   855 | D:2      | Noticed Sigmund
  1027 | D:2      | HP: 1/33 [something (2)]
  1028 | D:2      | Slain by a kobold

Illustrated notes

Levels and vault maps discovered:
D:1:      lemuel_arrival_cross, layout_basic, shapermc_ecumenical_altar_ellora,
          kennysheep_pointless_box, grunt_decor_resistance
D:2:      layout_rooms, uniq_sigmund, uniq_natasha, uniq_terence

Skill      XL: |  1  2  3 |
---------------+----------+-----
Dodging        | 1 |  1.5
Fighting       | 4 |  4.1
Armour         | 4 |  4.2
Shields        | 4 |  4.1
Axes           | 3 |  3.1

Action                     || total
---------------------------++-------
  Melee: War axe           ||    71
         Headbutt          ||     8
  Throw: Dart              ||     2
 Armour: Scale mail        ||    75
  Dodge: Dodged            ||    47
  Block: Buckler           ||    18

Table legend: (Time is in decaauts)
 A = Elapsed time spent in this place.
 B = Non-inter-level travel time spent in this place.
 C = Inter-level travel time spent in this place.
 D = Time resting spent in this place.
 E = Time spent auto-exploring this place.
 F = Levels seen in this place.
 G = Mean time per level.
                   A        B        C        D        E       F      G
               +--------+--------+--------+--------+--------+-----+--------+
         Total |   1055 |    952 |    103 |    147 |    572 |   2 |  527.5 |
       Dungeon |   1055 |    952 |    103 |    147 |    572 |   2 |  527.5 |
               +--------+--------+--------+--------+--------+-----+--------+

Top non-repeatable levels by time:
     D:1: 941 daAuts
     D:2: 113 daAuts
